 Dungeon Crawl Stone Soup version 0.30-a0-760-g5a9884bb7c (webtiles) character file.

Game seed: 10899348502808088723

60 holysushi the Insei (level 3, -1/22 HPs)
             Began as a Vampire Monk on Feb 11, 2023.
             Killed from afar by an orc wizard (7 damage)
             ... with a magic dart
             ... on level 3 of the Dungeon.
             The game lasted 00:02:30 (2318 turns).

holysushi the Insei (Vampire Monk)                  Turns: 2318, Time: 00:02:31

Health: -1/22      AC:  0    Str:  8 (10) XL:     3   Next: 82%
Magic:  3/3        EV: 21    Int: 11 (12) God:
Gold:   113        SH:  0    Dex: 22 (23) Spells: 2/2 levels left

rFire   . . .      SeeInvis +      - Unarmed
rCold   + + .      Faith    +    (shield currently unavailable)
rNeg    + + +      Spirit   .    (body armour currently unavailable)
rPois   ∞          Reflect  .    (helmet currently unavailable)
rElec   .          Harm     .    (cloak currently unavailable)
rCorr   .          Rampage  .    (gloves currently unavailable)
Will    .....                    (boots currently unavailable)
Stlth   +++++                    f - amulet of faith
HPRegen 0.00/turn                (ring currently unavailable)
MPRegen 0.08/turn                (ring currently unavailable)

@: bat-form, flying, bloodless, inhibited regen, very quick
A: fast, flying, no casting, tiny, bloodless, fangs 3, see invisible, vampiric 2
a: Revivify, End Transformation


You were on level 3 of the Dungeon.
You were a vampire bat.
You visited 1 branch of the dungeon, and saw 3 of its levels.

You collected 113 gold pieces.

Inventory:

Armour
 a - a +1 robe (melded)
Jewellery
 f - an amulet of faith (around neck)
 g - a ring of protection from cold
Scrolls
 d - a scroll of identify
Potions
 b - 2 potions of ambrosia
 c - a potion of haste
 h - 2 potions of heal wounds {unknown}


   Skills:
 - Level 2.6 Fighting
 - Level 3.2 Dodging
 - Level 3.0 Stealth
 + Level 5.3 Unarmed Combat


You had 2 spell levels left.
You didn't know any spells.
Your spell library was empty.

Dungeon Overview and Level Annotations

Branches:
Dungeon (3/15) Zot: 15993

Altars:

Shops:
D:1 *

Annotations:
D:3 Ijyb


Innate Abilities, Weirdness & Mutations

You are a vampire bat.
You are tiny and dextrous.
You move quickly.
You are flying.
You are immune to poison.
Your equipment is almost entirely melded.
You are incapable of wielding weapons or throwing items.
You cannot cast spells.
You do not regenerate when monsters are visible.
You are frail without blood (-20% HP).
You can heal yourself when you bite living creatures.
You are immune to poison.
You have razor-sharp teeth.
You have supernaturally acute eyesight. (SInv)
You are afflicted with vampirism and can become a bat while bloodless.


Message History

Found a stone staircase leading down.
You now have 102 gold pieces (gained 4).
A ball python comes into view.
A ball python is nearby!
A ball python is nearby!
A ball python is nearby!
A ball python is nearby!
Found 11 gold pieces and 6 stones.
The helpless ball python fails to defend itself.
You draw the ball python's blood!
You hit the ball python.
You kill the ball python!
You now have 113 gold pieces (gained 11).
An orc wizard is nearby!
An orc wizard is nearby!
An orc wizard is nearby!
An orc wizard is nearby!
An orc wizard is nearby!
The orc wizard shouts!
You hit the orc wizard.
The orc wizard is moderately wounded.
The orc wizard closely misses you.
You hit the orc wizard but do no damage.
You bite the orc wizard, but do no damage.
The orc wizard is moderately wounded.
The orc wizard hits you with a +0 dagger.
You barely miss the orc wizard.
The orc wizard is moderately wounded.
The orc wizard closely misses you.
You hit the orc wizard.
You bite the orc wizard, but do no damage.
The orc wizard is moderately wounded.
The orc wizard points at you and mumbles some strange words.
The puff of flame hits you!
Ouch! That really hurt!
* * * LOW HITPOINT WARNING * * *
You hit the orc wizard.
The orc wizard is severely wounded.
The orc wizard casts a spell at you. The magic dart hits you!
You die...

........# # ......# ...#...
####.#.### ...#...
.).....g.#####..#...
..##...#o...##...... ..
##...o.<.....#.# ..
##.o#....#..#.# $.
.....##......#.##
....#........g.ob..###
..##..#####..##.#....########
## #.# #..##...##........# #.
..####..##..(.....# .. ..#
#..###.......#
...####.####.......#
..........##.......#
..........##.......#
..................†.....#


You could see an orc wizard and a hobgoblin.

Vanquished Creatures
  2 adders (D:2)
  An orc (D:3)
  5 bats (D:1)
  5 endoplasms
  4 giant cockroaches
  A goblin (D:2)
  3 hobgoblins (D:1)
  2 kobolds
  A quokka (D:1)
  6 ball pythons
  6 frilled lizards
  2 rats
38 creatures vanquished.

Notes
Turn   | Place    | Note
-------+----------+-------------------------------------------
     0 | D:1      | holysushi the Vampire Monk began the quest for the Orb.
     0 | D:1      | Reached XP level 1. HP: 17/17 MP: 1/1
   292 | D:1      | Reached skill level 4 in Unarmed Combat
   292 | D:1      | Reached XP level 2. HP: 23/23 MP: 2/2
   620 | D:1      | Found Diapp's Assorted Antiques.
   846 | D:2      | Gained mutation: You are afflicted with vampirism and can
                  | become a bat while bloodless. [Vampire growth]
   846 | D:2      | Reached XP level 3. HP: 28/28 MP: 3/3
  1015 | D:2      | Reached skill level 5 in Unarmed Combat
  1590 | D:3      | Noticed Ijyb
  2318 | D:3      | Killed from afar by an orc wizard

Illustrated notes

Levels and vault maps discovered:
D:1:      dpeg_arrival_snail, layout_basic, serial_shops, shop,
          corexii_hall_statues_t
D:2:      layout_loops_ring
D:3:      layout_rooms, grunt_temple_overflow_open, uniq_ijyb

Skill      XL: |  1  2  3 |
---------------+----------+-----
Unarmed Combat | 4 5 |  5.3
Fighting       | |  2.6
Dodging        | |  3.2
Stealth        | |  3.0

Action                     || total
---------------------------++-------
  Melee: Unarmed           ||   133
         Bite              ||    15
         Punch             ||     3
Ability: Bat Form          ||     1
         Exsanguinate      ||     1
    Use: Scroll            ||    12
         Potion            ||     1
   Stab: Sleeping          ||    13
 Armour: Robe              ||    17
  Dodge: Dodged            ||    84

Table legend: (Time is in decaauts)
 A = Elapsed time spent in this place.
 B = Non-inter-level travel time spent in this place.
 C = Inter-level travel time spent in this place.
 D = Time resting spent in this place.
 E = Time spent auto-exploring this place.
 F = Levels seen in this place.
 G = Mean time per level.
                   A        B        C        D        E       F      G
               +--------+--------+--------+--------+--------+-----+--------+
         Total |   2006 |   1945 |     61 |    699 |    871 |   3 |  668.7 |
       Dungeon |   2006 |   1945 |     61 |    699 |    871 |   3 |  668.7 |
               +--------+--------+--------+--------+--------+-----+--------+

Top non-repeatable levels by time:
     D:2: 1079 daAuts
     D:1: 828 daAuts
     D:3: 98 daAuts
